 Dungeon Crawl Stone Soup version 0.29.1-1-gd02db6906a (webtiles) character file.

Game seed: 7024905331314253611

153 Metae the Trooper (level 5, -2/47 HPs)
             Began as a Minotaur Fighter on Sept 27, 2022.
             Slain by Pikel
             ... wielding a +2 whip of freezing
              (8 damage)
             ... on level 4 of the Dungeon.
             The game lasted 00:05:44 (3158 turns).

Metae the Trooper (Minotaur Fighter)                Turns: 3158, Time: 00:05:44

Health: -2/47      AC: 10    Str: 22    XL:     5   Next: 12%
Magic:  4/4        EV:  7    Int:  5    God:
Gold:   161        SH:  4    Dex: 10    Spells: 4/4 levels left

rFire   . . .      SeeInvis .   a - +0 trident
rCold   . . .      Faith    .   c - +0 buckler
rNeg    . . .      Spirit   .   o - +0 chain mail
rPois   .          Reflect  .   (helmet restricted)
rElec   .          Harm     .   (no cloak)
rCorr   .          Rampage  .   h - +0 pair of gloves
Will    .....                   (no boots)
Stlth   ..........              (no amulet)
HPRegen 0.15/turn               e - ring of flight
MPRegen 0.09/turn               (no ring)

@: mighty, flying
A: horns 2, retaliatory headbutt
a: no special abilities


You were on level 4 of the Dungeon.
You visited 1 branch of the dungeon, and saw 4 of its levels.

You collected 161 gold pieces.

Inventory:

Hand Weapons
 a - a +0 trident (weapon)
 t - a +0 sling
Missiles
 f - 38 stones (quivered)
 k - 3 javelins
Armour
 b - a +0 scale mail
 c - a +0 buckler (worn)
 h - a +0 pair of gloves (worn)
 o - a +0 chain mail (worn)
Jewellery
 e - a ring of flight (left hand)
 y - a ring of wizardry
Scrolls
 g - a scroll of butterflies {unknown}
 l - a scroll of enchant armour {unknown}
 m - 3 scrolls of brand weapon {unknown}
 p - a scroll of poison {unknown}
 q - a scroll of torment {unknown}
 r - 3 scrolls of identify {unknown}
 s - a scroll of magic mapping {unknown}
 w - a scroll of teleportation {unknown}
Potions
 d - a potion of might
 i - 2 potions of curing {unknown}
 j - a potion of invisibility {unknown}
 n - 2 potions of lignification {unknown}
 u - a potion of mutation {unknown}
 v - 2 potions of heal wounds {unknown}
 x - a potion of brilliance {unknown}


   Skills:
 + Level 4.7 Fighting
 + Level 3.8 Polearms
 + Level 4.7 Armour
 + Level 4.6 Shields


You had 4 spell levels left.
You didn't know any spells.
Your spell library contained the following spells:

 Spells                   Type           Power      Damage    Failure   Level
 Animate Dead             Necr           0%         N/A       100%        4
 Borgnjor's Vile Clutch   Necr/Erth      0%         N/A       100%        5
 Death Channel            Necr           0%         N/A       100%        6


Dungeon Overview and Level Annotations

Branches:
Dungeon (4/15)             Temple (0/1) D:4

Altars:
Ashenzari

Shops:
D:4 ?

Annotations:
D:4 Pikel


Innate Abilities, Weirdness & Mutations

You have a pair of horns on your head.
You reflexively headbutt those who attack you in melee.


Message History

The lemure hits you but does no damage.
You barely miss the lemure. Your headbutt misses the lemure.
The lemure hits you but does no damage. The lemure hits you.
Pikel, Merchant of Souls comes into view.
He is wielding a +2 whip of freezing and wearing a +1 robe of willpower.
The lemure hits you but does no damage. The lemure hits you.
You hit the lemure. You headbutt the lemure!
The lemure is heavily wounded.
The lemure hits you. You block the lemure's attack.
You closely miss the lemure.
The lemure is heavily wounded.
You block the lemure's attack. The lemure hits you.
You puncture the lemure!
The lemure is severely wounded.
The lemure barely misses you.
You hit Pikel but do no damage. You block the lemure's attack.
You hit Pikel but do no damage. Pikel barely misses you.
A lemure comes into view.
The lemure hits you.
You barely miss Pikel.
The lemure shouts!
You hear a shout!
Pikel hits you but does no damage. The lemure barely misses you.
You closely miss Pikel. Pikel completely misses you.
A lemure comes into view.
The lemure hits you but does no damage. Pikel completely misses you.
The lemure hits you but does no damage.
You barely miss Pikel.
Pikel hits you with a +2 whip of freezing.
Pikel freezes you. The lemure hits you.
You barely miss Pikel. Your headbutt misses Pikel.
The quokka twitches its whiskers.
You block Pikel's attack. The lemure hits you.
* * * LOW HITPOINT WARNING * * *
You hit Pikel.
Pikel is lightly wounded.
Pikel barely misses you. The lemure hits you!
* * * LOW HITPOINT WARNING * * *
Sorry, you're not good enough to have a special ability.
You feel very mighty all of a sudden.
Pikel hits you with a +2 whip of freezing!
You die...

..............# ..
..............# #.#
..............#
.............##
.............#
.............#
............##### #
................###..#
...........###..@K55.#
...........#
####55..P..
..........## r.$....
.........## ...>.P.
###......# .....P. #
####..## #...... # ###
#..... #### #....
...###


You could see Pikel, 4 lemures and a quokka.

Vanquished Creatures
  Jessica (D:3)
  Robin (D:3)
  3 adders (D:3)
  4 worms
  3 dart slugs
  An orc (D:3)
  6 ball pythons
  2 endoplasms
  3 giant cockroaches
  9 hobgoblins
  3 quokkas
  6 bats
  A frilled lizard (D:2)
  13 goblins
  6 kobolds
  6 rats
68 creatures vanquished.

Notes
Turn   | Place    | Note
-------+----------+-------------------------------------------
     0 | D:1      | Metae the Minotaur Fighter began the quest for the Orb.
     0 | D:1      | Reached XP level 1. HP: 19/19 MP: 0/0
   219 | D:1      | Reached XP level 2. HP: 16/27 MP: 1/1
  1083 | D:2      | Found a faded altar of an unknown god.
  1092 | D:2      | Reached XP level 3. HP: 30/33 MP: 2/2
  1864 | D:3      | Noticed Robin
  1879 | D:3      | Reached XP level 4. HP: 22/41 MP: 3/3
  1889 | D:3      | Killed Robin
  2142 | D:3      | Found a broken altar of Ashenzari.
  2630 | D:3      | Noticed Jessica
  2631 | D:3      | Killed Jessica
  2632 | D:3      | Reached XP level 5. HP: 47/47 MP: 4/4
  2796 | D:4      | Found Loinaetz's Magic Scroll Boutique.
  3140 | D:4      | Found a staircase to the Ecumenical Temple.
  3142 | D:4      | Noticed a lemure
  3142 | D:4      | Noticed a lemure
  3147 | D:4      | Noticed Pikel
  3152 | D:4      | Noticed a lemure
  3154 | D:4      | Noticed a lemure
  3158 | D:4      | Slain by Pikel

Illustrated notes

Levels and vault maps discovered:
D:1:      dpeg_arrival_more_subterranean_lakeside_camping, layout_basic,
          minmay_heptomino_l4
D:2:      layout_rooms, nicolae_ecumenical_pavilion,
          nicolae_kite_square_tiling_tiny, dreamdust_princess_bridge
D:3:      layout_loops_cross, nicolae_ashenzari_panopticon,
          minmay_misc_feat_doors, uniq_jessica, uniq_robin
D:4:      layout_cave_pods, kennysheep_mini_moat,
          worldfamousw_hep_ancestral_shrine, minmay_temple_entry_overgrown,
          nicolae_take_the_stairs, uniq_pikel

Skill      XL: |  1  2 |
---------------+-------+-----
Fighting       | 4 |  4.7
Armour         | 4 |  4.7
Shields        | 4 |  4.6
Polearms       | 3 |  3.8

Action                   |  1- 3 |  4- 6 || total
-------------------------+-------+-------++-------
Melee: Trident           |   100 |    75 ||   175
       Headbutt          |    12 |     7 ||    19
  Use: Potion            |       |     1 ||     1
Armor: Scale mail        |    18 |       ||    18
       Chain mail        |    24 |    40 ||    64
Dodge: Dodged            |    43 |    17 ||    60
Block: Buckler           |    18 |    20 ||    38
